 Dungeon Crawl Stone Soup version 0.31-a0-366-ga77b45bd9b (webtiles) character file.

Game seed: 15496261610719246788

30 Ajdolov the Chopper (level 3, -2/33 HPs)
             Began as a Minotaur Berserker on July 27, 2023.
             Was a Follower of Trog.
             Slain by Sigmund
             ... wielding a +0 scythe
              (5 damage)
             ... on level 2 of the Dungeon.
             The game lasted 00:01:13 (746 turns).

Ajdolov the Chopper (Minotaur Berserker)             Turns: 746, Time: 00:01:13

Health: -2/33      AC:  6    Str: 23    XL:     3   Next: 5%
Magic:  2/2        EV: 10    Int:  4    God:    Trog [*.....]
Gold:   95         SH:  0    Dex:  9    Spells: 2/2 levels left

rFire   . . .        a - +0 hand axe
rCold   . . .        (no shield)
rNeg    . . .        e - +0 scale mail
rPois   .            (helmet restricted)
rElec   .            (no cloak)
rCorr   .            (no gloves)
SInv    .            (no boots)
Will    .....        (no amulet) Stlth
                     (no ring)
HPRegen 0.25/turn    (no ring)
MPRegen 0.08/turn

%: no passive effects
@: no status effects
A: horns 2, retaliatory headbutt
a: Renounce Religion, Berserk


You were on level 2 of the Dungeon.
You worshipped Trog.
Trog was aware of your devotion.
You visited 1 branch of the dungeon, and saw 2 of its levels.

You collected 95 gold pieces.

Inventory:

Hand Weapons
 a - a +0 hand axe (weapon)
Armour
 e - a +0 scale mail (worn)
Scrolls
 c - 2 scrolls of identify {unknown}
 d - 2 scrolls of blinking {unknown}
Potions
 b - a potion of enlightenment {unknown}
 f - a potion of invisibility {unknown}
 g - a potion of might {unknown}
 h - a potion of cancellation {unknown}


   Skills:
 + Level 4.1 Fighting
 * Level 4.7 Axes
 - Level 2.4 Armour
 - Level 2.1 Dodging


You had 2 spell levels left.
You didn't know any spells.
Your spell library was empty.

Dungeon Overview and Level Annotations

Branches:
Dungeon (2/15)

Altars:

Annotations:
D:2 Sigmund


Innate Abilities, Weirdness & Mutations

You have a pair of horns on your head.
You reflexively headbutt those who attack you in melee.


Message History

You feel sick.
No target in view!
You feel sick.
You feel sick.
You feel sick.
You are no longer poisoned.
You see here an adder corpse.
g - an inky potion You open the door.
There is an open door here.
h - a silvery potion You now have 95 gold pieces (gained 13).
Found a stone staircase leading up.
Sigmund the Dreaded comes into view.
He is wielding a +0 scythe.
Sigmund shouts!
There is a stone staircase leading up here.
A giant cockroach comes into view.
Sigmund hits you with a +0 scythe!
You hit Sigmund but do no damage. You headbutt Sigmund!
Sigmund is moderately wounded.
Sigmund mumbles some strange words.
Sigmund flickers and vanishes!
Deactivating autopickup; reactivate with Ctrl-A.
You miss something. Your headbutt misses something. Something hits you.
You hit something but do no damage.
You hear some strange, mumbled words.
A magic dart appears from out of thin air!
The magic dart hits you.
You miss something. Something hits you!
* * * LOW HITPOINT WARNING * * *
You miss something. Your headbutt misses something.
You hit the giant cockroach.
The giant cockroach bites you but does no damage.
You slash something! You barely miss the giant cockroach.
The giant cockroach bites you.
* * * LOW HITPOINT WARNING * * *
Something hits you.
* * * LOW HITPOINT WARNING * * *
Something hits you.
You die...

#####+#+## .........#
.........+.# .........#.#
.........#.# ......B..+..
......{@.#.# ########<#.#
######### #.#.# ........#
#...# #
........########.####.###
........'................
........#########.....###
........# #.....#
.......†##### #.....#


You could see a giant cockroach.

Vanquished Creatures
  An adder (D:2)
  A dart slug (D:2)
  2 ball pythons (D:2)
  2 endoplasms (D:1)
  A giant cockroach (D:1)
  3 jackals (D:1)
  4 kobolds
  2 bats
  A goblin (D:2)
  A rat (D:1)
18 creatures vanquished.

Notes
Turn   | Place    | Note
-------+----------+-------------------------------------------
     0 | D:1      | Ajdolov the Minotaur Berserker began the quest for the Orb.
     0 | D:1      | Reached XP level 1. HP: 19/19 MP: 0/0
   128 | D:1      | Reached XP level 2. HP: 27/27 MP: 1/1
   292 | D:1      | Found a faded altar of an unknown god.
   662 | D:2      | Reached XP level 3. HP: 24/33 MP: 2/2
   738 | D:2      | Noticed Sigmund
   746 | D:2      | Slain by Sigmund

Illustrated notes

Levels and vault maps discovered:
D:1:      lordsloth_arrival_two_stooges, layout_rooms, serial_corexii_hall,
          corexii_hall_statues_i, corexii_hall_statues_i,
          ebering_ecumenical_altar_ruins
D:2:      layout_basic, uniq_sigmund

Skill      XL: |  1  2 |
---------------+-------+-----
Axes           | 4 |  4.7
Fighting       | 4 |  4.1
Armour         | |  2.4
Dodging        | |  2.1

Action                     || total
---------------------------++-------
  Melee: Hand axe          ||    39
         Headbutt          ||     4
 Armour: Animal skin       ||     1
         Scale mail        ||     6
  Dodge: Dodged            ||    20

Table legend: (Time is in decaauts)
 A = Elapsed time spent in this place.
 B = Non-inter-level travel time spent in this place.
 C = Inter-level travel time spent in this place.
 D = Time resting spent in this place.
 E = Time spent auto-exploring this place.
 F = Levels seen in this place.
 G = Mean time per level.
                   A        B        C        D        E       F      G
               +--------+--------+--------+--------+--------+-----+--------+
         Total |    748 |    722 |     26 |      0 |    577 |   2 |  374.0 |
       Dungeon |    748 |    722 |     26 |      0 |    577 |   2 |  374.0 |
               +--------+--------+--------+--------+--------+-----+--------+

Top non-repeatable levels by time:
     D:1: 570 daAuts
     D:2: 178 daAuts
